 Dungeon Crawl Stone Soup version 0.29.1-15-g9cfb28693d (webtiles) character file.

Game seed: 2946422795584913158

8768 BigDaddyOpFi the Thaumaturge (level 11, -10/61 HPs)
             Began as a Deep Elf Earth Elementalist on Mar 8, 2023.
             Was an Initiate of Vehumet.
             Killed by miscasting Stone Arrow (21 damage)
             ... in a treasure trove on Mar 9, 2023.
             The game lasted 00:27:02 (15983 turns).

BigDaddyOpFi the Thaumaturge (DEEE)                Turns: 15983, Time: 00:27:03

Health: -10/61     AC: 23    Str:  7    XL:     11   Next: 14%
Magic:  20/26      EV:  0    Int: 25    God:    Vehumet [......]
Gold:   1653       SH:  5    Dex: 15    Spells: 19/28 levels left

rFire   . . .      SeeInvis .   V - +3 executioner's axe (vorpal)
rCold   + . .      Faith    .   (shield currently unavailable)
rNeg    . . .      Spirit   .   M - +4 plate armour {rC+}
rPois   .          Reflect  +   U - +0 helmet of Grottiness {Str+2 Stlth+}
rElec   .          Harm     .   N - +0 cloak
rCorr   +          Rampage  .   (no gloves)
Will    +....                   z - +2 pair of boots {Fly}
Stlth   +.........              s - amulet of reflection
HPRegen 0.20/turn               f - +4 ring of protection
MPRegen 0.20/turn               L - ring of resist corrosion

@: about to teleport, flying, very slightly contaminated
A: no striking features
a: Renounce Religion


You were in a treasure trove.
You worshipped Vehumet.
Vehumet was noncommittal.
You visited 2 branches of the dungeon, and saw 12 of its levels.
You also visited: Trove.

You collected 1653 gold pieces.

Inventory:

Hand Weapons
 g - a +0 short sword
 k - a +0 dagger
 n - a +0 war axe of electrocution
 y - a +1 broad axe
 Q - the +8 demon trident of Responsibility {drain, rF+ Will+}
   (You found it in a treasure trove)

   A truly terrible weapon, it drains the life of any living foe it strikes.
   rF:        It protects you from fire.
   Will:      It increases your willpower.
 V - a +3 vorpal executioner's axe (weapon)
Missiles
 h - 109 stones
 H - 2 throwing nets
Armour
 a - a +0 robe
 z - a +2 pair of boots of flying (worn)
 M - a +4 plate armour of cold resistance (worn)
 N - a +0 cloak (worn)
 U - the +0 helmet of Grottiness (worn) {Str+2 Stlth+}
   (You found it in a treasure trove)

   Str:       It affects your strength (+2).
   Stlth:     It makes you more stealthy.
Jewellery
 f - a +4 ring of protection (left hand)
 j - a +4 ring of evasion
 s - an amulet of reflection (around neck)
 u - a ring of ice
 x - an amulet of guardian spirit
 L - a ring of resist corrosion (right hand)
 P - a ring of poison resistance
 R - a ring of protection from cold
 S - a +4 ring of protection
Wands
 l - a wand of charming (20)
 m - a wand of polymorph (10)
 r - a wand of mindburst (30)
 A - a wand of roots (14)
 C - a wand of digging (9)
 E - a wand of flame (27)
 J - a wand of light (8)
Scrolls
 t - 4 scrolls of teleportation
 I - 2 scrolls of amnesia
 O - 3 scrolls of identify
Potions
 b - 2 potions of magic
 c - 2 potions of haste
 e - 2 potions of might
 i - 2 potions of lignification
 o - a potion of flight
 q - 2 potions of attraction {unknown}
 v - 2 potions of brilliance {unknown}
 w - 2 potions of invisibility
 B - 2 potions of resistance
 D - a potion of ambrosia
 G - 3 potions of berserk rage
Miscellaneous
 F - a box of beasts
 K - a box of beasts
 W - a tin of tremorstones (2/2)


   Skills:
 + Level 4.0 Fighting
 + Level 3.9 Axes
 + Level 8.1 Dodging
 + Level 8.6 Stealth
 + Level 9.0 Spellcasting
 + Level 8.0 Conjurations
 - Level 3.3 Summonings
 - Level 1.0 Necromancy
 + Level 5.0 Transmutations
 + Level 7.7 Earth Magic


You had 19 spell levels left.
You knew the following spells:

 Your Spells              Type           Power      Damage    Failure   Level
a - Sandblast             Erth           100%       2d20      100%        1
b - Stone Arrow           Conj/Erth      100%       3d13      100%        3
c - Magic Dart            Conj           100%       1d8       100%        1
d - Call Imp              Summ           28%        N/A       100%        2
e - Shock                 Conj/Air       100%       1d9       100%        1
f - Foxfire               Conj/Fire      100%       2x1d9     100%        1

Your spell library contained the following spells:

 Spells                   Type           Power      Damage    Failure   Level
 Apportation              Tloc           22%        N/A       100%        1
 Necrotise                Necr           64%        1d7       100%        1
 Blink                    Tloc           22%        N/A       100%        2
 Passwall                 Tmut/Erth      35%        N/A       100%        2
 Mephitic Cloud           Conj/Pois/Air  24%        N/A       100%        3
 Vampiric Draining        Necr           16%        2d7       100%        3
 Petrify                  Tmut/Erth      43%        N/A       100%        4
 Agony                    Necr           16%        N/A       100%        5
 Alistair's Intoxication  Tmut/Pois      15%        N/A       100%        5
 Manifold Assault         Tloc           11%        N/A       100%        5
 Storm Form               Tmut/Air       11%        N/A       100%        7


Dungeon Overview and Level Annotations

Branches:
Dungeon (11/15)            Temple (1/1) D:5
   Lair: D:8-11         Orc: D:9-12

Altars:
Ashenzari
Cheibriados
Dithmenos
Elyvilon
Fedhas
Gozag
Hepliaklqana
Kikubaaqudgha
Makhleb
Nemelex Xobeh
Okawaru
Qazlal
Ru
Sif Muna
Trog
Uskayaw
Vehumet
Wu Jian
Xom
Yredelemnul
Zin
The Shining One

Shops:
D:2 *

Annotations:
Temple 2 transporters


Message History

Your magical contamination has completely faded away.
Your surroundings suddenly seem different.
The ynoxinul bellows!
The ynoxinul hits you but does no damage.
You closely miss the ynoxinul.
The ynoxinul hits you but does no damage.
The ynoxinul gestures.
You block the ynoxinul's attack.
You slash the ynoxinul!
The ynoxinul is moderately wounded.
The ynoxinul hits you!
* * * LOW HITPOINT WARNING * * *
The ynoxinul hits you.
* * * LOW HITPOINT WARNING * * *
Okay, then.
As you read the scroll of teleportation, it crumbles to dust.
You feel strangely unstable. The ynoxinul hits you.
* * * LOW HITPOINT WARNING * * *
Unknown command.
Okay, then.
Okay, then.
Okay, then.
Okay, then.
Okay, then.
Casting: Shock (safe; 100% risk of failure)
Confirm with . or Enter, or press ? or * to list all spells.
Aiming: Stone Arrow (extremely dangerous; 100% risk of failure)
Press: ? - help, Shift-Dir - straight line, f - ynoxinul
Aim: a ynoxinul (moderately wounded, 78% to hit)
You miscast Stone Arrow.
You are very lightly contaminated with residual magic.
Sand pours from your hands.
The ynoxinul gestures.
Casting: Stone Arrow (extremely dangerous; 100% risk of failure)
Confirm with . or Enter, or press ? or * to list all spells.
Aiming: Stone Arrow (extremely dangerous; 100% risk of failure)
Press: ? - help, Shift-Dir - straight line, f/p - ynoxinul
Aim: a ynoxinul (moderately wounded, 78% to hit)
You miscast Stone Arrow.
Energy rips through your body!!
You die...

############ ############
##35.##535##
##########################
#....5.5.....§....5......#
#.##################'###.#
#.#∩....5..555.....+.."#
#######.##########.#...#
#..)..'.#.3@##3..#.#..[#
#...}.#.##########.#######
#.....#.....5..........5∩#
##########################


You could see 2 ynoxinuls and 5 ufetubi.

Vanquished Creatures
  Pikel (D:9)
  Maurice (D:9)
  Joseph (D:8)
  Maggie (D:9)
  A kobold demonologist (D:9)
  Prince Ribbit (D:6)
  A hornet (D:8)
  Grinder (D:4)
  Sigmund (D:2)
  A shadow (D:10)
  Grum (D:10)
  11 yaks (D:9)
  A wraith (D:8)
  3 steam dragons
  4 vampire mosquitoes (D:9)
  Menkaure (D:4)
  An acid dragon (D:8)
  2 water moccasins
  Pargi (D:3)
  An ice beast (D:6)
  A sky beast (D:8)
  4 orc warriors (D:8)
  3 black bears
  3 wolves
  A centaur (D:10)
  A phantom (D:6)
  A kobold brigand (D:8)
  2 bullfrogs
  A gnoll sergeant (D:7)
  3 scorpions
  3 necrophages
  4 howler monkeys (D:9)
  7 crimson imps (D:9)
  A hound (D:7)
  5 orc priests
  2 jellies (D:5)
  Jessica (D:2)
  2 iguanas (D:6)
  7 orc wizards
  4 adders
  5 gnolls
  2 shadow imps (D:9)
  3 white imps
  4 ufetubi
  5 worms
  5 dart slugs
  28 orcs
  6 ball pythons
  3 endoplasms
  3 giant cockroaches
  8 goblins
  10 hobgoblins
  2 jackals (D:3)
  15 kobolds
  A quokka (D:1)
  4 bats
  10 rats
206 creatures vanquished.

Vanquished Creatures (others)
  2 plants (D:2)
2 creatures vanquished.

Grand Total: 208 creatures vanquished

Notes
Turn   | Place    | Note
-------+----------+-------------------------------------------
     0 | D:1      | BigDaddyOpFi the Deep Elf Earth Elementalist began the
                  | quest for the Orb.
     0 | D:1      | Reached XP level 1. HP: 10/10 MP: 6/6
   642 | D:1      | Reached XP level 2. HP: 15/15 MP: 4/8
  1118 | D:2      | Found a faded altar of an unknown god.
  1226 | D:2      | Found Abroopiu's Assorted Antiques.
  1521 | D:2      | Noticed Sigmund
  1528 | D:2      | Killed Sigmund
  1529 | D:2      | Reached skill level 4 in Spellcasting
  1529 | D:2      | Reached XP level 3. HP: 19/19 MP: 3/10
  1529 | D:2      | Reached XP level 4. HP: 24/24 MP: 3/12
  1529 | D:2      | Reached XP level 5. HP: 28/28 MP: 3/13
  1631 | D:2      | Noticed Jessica
  1634 | D:2      | Killed Jessica
  3009 | D:3      | Reached XP level 6. HP: 11/32 MP: 11/14
  3015 | D:3      | HP: 2/48 [poisoned by a scorpion]
  3599 | D:3      | Noticed Pargi
  3609 | D:3      | Killed Pargi
  3750 | D:3      | Learned a level 3 spell: Stone Arrow
  4396 | D:4      | Noticed Grinder
  4403 | D:4      | Killed Grinder
  4404 | D:4      | Reached skill level 5 in Spellcasting
  4404 | D:4      | Reached XP level 7. HP: 35/36 MP: 2/16
  4430 | D:4      | Reached skill level 5 in Stealth
  4701 | D:4      | Reached skill level 5 in Conjurations
  4733 | D:4      | Noticed Menkaure
  4738 | D:4      | Killed Menkaure
  4739 | D:4      | Reached skill level 5 in Dodging
  4739 | D:4      | Reached skill level 5 in Earth Magic
  5060 | D:5      | Entered Level 5 of the Dungeon
  5068 | D:5      | Found a staircase to the Ecumenical Temple.
  5099 | Temple   | Entered the Ecumenical Temple
  5099 | Temple   | Found a transporter.
  5099 | Temple   | Found a transporter.
  5101 | Temple   | Found a transporter.
  5101 | Temple   | Found a transporter.
  5113 | Temple   | Became a worshipper of Vehumet
  5302 | D:5      | Reached XP level 8. HP: 41/41 MP: 12/18
  5700 | D:5      | Reached skill level 6 in Spellcasting
  6539 | D:5      | Learned a level 1 spell: Magic Dart
  6542 | D:5      | Learned a level 2 spell: Call Imp
  6614 | D:6      | Reached skill level 1 in Summonings
  7058 | D:6      | Reached skill level 1 in Fighting
  7058 | D:6      | Reached skill level 1 in Axes
  7171 | D:6      | Noticed Prince Ribbit
  7184 | D:6      | Killed Prince Ribbit
  7678 | D:6      | Reached XP level 9. HP: 44/47 MP: 4/21
  9479 | D:7      | Reached * piety under Vehumet
  9479 | D:7      | Offered knowledge of Shock by Vehumet.
  9480 | D:7      | Reached skill level 1 in Necromancy
  9482 | D:7      | Learned a level 1 spell: Shock
 10168 | D:8      | Noticed Joseph
 10211 | D:8      | Killed Joseph
 10212 | D:8      | Reached skill level 7 in Spellcasting
 11361 | D:7      | Found a shadowy altar of Dithmenos.
 11367 | D:7      | Found a white marble altar of Elyvilon.
 11372 | D:7      | Found an ancient bone altar of Kikubaaqudgha.
 12175 | D:8      | Reached XP level 10. HP: 54/54 MP: 11/23
 12910 | D:9      | Reached skill level 8 in Spellcasting
 13247 | D:9      | Offered knowledge of Foxfire by Vehumet.
 13386 | D:9      | Noticed Pikel
 13393 | D:9      | Killed Pikel
 13393 | D:9      | Reached ** piety under Vehumet
 13450 | D:9      | Noticed Maurice
 13453 | D:9      | Killed Maurice
 14062 | D:9      | Noticed Maggie
 14067 | D:9      | Killed Maggie
 14093 | D:9      | Reached XP level 11. HP: 21/60 MP: 11/25
 14689 | D:10     | Entered Level 10 of the Dungeon
 14708 | D:10     | Noticed Grum
 14722 | D:9      | Reached skill level 9 in Spellcasting
 14761 | D:9      | Learned a level 1 spell: Foxfire
 14790 | D:10     | Killed Grum
 15053 | D:10     | Reached skill level 5 in Transmutations
 15174 | D:10     | Found a portal to a secret trove of treasure.
 15184 | Trove    | Entered a treasure trove
 15292 | Trove    | Identified the +8 demon trident of Responsibility {drain,
                  | rF+ Will+}
 15329 | Trove    | Identified the +0 helmet of Grottiness {Str+2 Stlth+}
 15983 | Trove    | Killed by miscasting Stone Arrow

Illustrated notes

Levels and vault maps discovered:
D:1:      minmay_arrival_up_and_down, layout_basic, serial_forest,
          infiniplex_forest_straight_1, infiniplex_forest_lined_room_2,
          infiniplex_forest_straight_4, infiniplex_forest_corner_1,
          infiniplex_forest_lined_2, infiniplex_forest_straight_3,
          infiniplex_forest_clump_small, infiniplex_forest_end_3,
          infiniplex_forest_end_3, infiniplex_forest_clump_small,
          minmay_misc_feat_nine_boxes, hex_intersection, skrybe_limestone_x
D:2:      layout_rooms, serial_shops, nicolae_shop_overgrown_old_shop,
          shapermc_ecumenical_altar_mp_ritualfount, uniq_jessica, uniq_sigmund
D:3:      minmay_bubble_buster, layout_basic, minivault_25, due_unseen_surprise,
          uniq_pargi
D:4:      layout_loops_ring, uniq_grinder, uniq_menkaure
D:5:      layout_gridville, minmay_temple_entry_statues_pillars,
          portal_sewer_entry_c
D:6:      layout_basic, uniq_prince_ribbit1
D:7:      layout_rooms, minmay_overflow_temple_star_quad, minmay_door_square
D:8:      layout_loops_cross, uniq_joseph
D:9:      layout_loops_ring, serial_bayou_pond_d, minmay_nine_imps, uniq_maggie,
          uniq_maurice, uniq_pikel
D:10:     layout_basic, enter_trove_0, uniq_grum
D:11:     layout_stronghold, erik_lair_island, erik_orc_1,
          gauntlet_entry_generic, minivault_19
Temple:   hellmonk_temple_divided_pantheon
Trove:    trove_nasty

Skill      XL: |  1  2  3  4  5  6  7  8  9 10 11 |
---------------+----------------------------------+-----
Dodging        | 3 4 5 6 7 8 |  8.1
Stealth        | 3 4 5 6 7 8 |  8.6
Spellcasting   | 4 5 6 7 8 9 |  9.0
Conjurations   | 2 3 4 5 6 7 8 |  8.0
Earth Magic    | 4 5 6 7 |  7.7
Summonings     | 3 |  3.3
Fighting       | 1 2 3 4 |  4.0
Axes           | 1 2 3 |  3.9
Necromancy     | 1 |  1.0
Transmutations | 3 4 5 |  5.0

Action                   |  1- 3 |  4- 6 |  7- 9 | 10-12 || total
-------------------------+-------+-------+-------+-------++-------
Melee: War axe           |     3 |    13 |    47 |       ||    63
       Broad axe         |       |       |     4 |   103 ||   107
       Punch             |       |       |     1 |     2 ||     3
       Demon trident     |       |       |       |   110 ||   110
       Executioner's axe |       |       |       |    33 ||    33
 Cast: Sandblast         |    25 |    77 |    57 |    36 ||   195
       Stone Arrow       |       |     5 |    94 |    59 ||   158
       Magic Dart        |       |       |    17 |     1 ||    18
       Call Imp          |       |       |     1 |       ||     1
       Shock             |       |       |       |    27 ||    27
  Use: Scroll            |     3 |       |    13 |     9 ||    25
       Potion            |       |     2 |     2 |     8 ||    12
 Stab: Sleeping          |       |     1 |       |       ||     1
Armor: Robe              |     9 |    15 |    30 |   224 ||   278
       Skin              |       |     4 |       |       ||     4
       Plate armour      |       |       |       |   360 ||   360
Dodge: Dodged            |     8 |    44 |    79 |   730 ||   861
Block: Other             |       |    16 |    24 |   273 ||   313
       Reflection        |       |     1 |     5 |       ||     6
